[Event "ICC tourney 2161 (75 10)"]
[Site "Internet Chess Club"]
[Date "2020.11.29"]
[Round "7"]
[White "ChunkyApple"]
[Black "atharvamchess"]
[Result "0-1"]
[ICCResult "White checkmated"]
[WhiteElo "1286"]
[BlackElo "1502"]
[Opening "Giuoco Pianissimo: Italian four knights variation"]
[ECO "C50"]
[NIC "IG.02"]
[Time "11:04:43"]
[PlyCount "128"]
[TimeControl "4500+10"]


1. e4 e5 2. Nf3 Nc6 3. Bc4 Bc5 4. Nc3 Nf6 5. d3 h6 6. Nd5 d6 7. Be3 Bb6 8.
Nxb6 axb6 9. h3 Be6 10. Bxe6 fxe6 11. O-O O-O 12. c3 Kh8 13. b4 b5 14. a4
Rxa4 15. Rxa4 bxa4 16. Qxa4 Qa8 17. Ra1 Qxa4 18. Rxa4 b6 19. b5 Na5 20. Nd2
d5 21. f4 exf4 22. Bxf4 Ne8 23. exd5 exd5 24. Nf3 Nd6 25. Bxd6 cxd6 26. Nh4
Rc8 27. Ng6+ Kh7 28. Ne7 Rxc3 29. Nxd5 Rb3 30. Nxb6 Rxb5 31. Nc4 Nxc4 32.
Rxc4 Rc5 33. Rd4 Rc6 34. Kf2 Kg6 35. Kf3 Kf6 36. Kf4 g5+ 37. Ke4 Ke6 38.
Rc4 d5+ 39. Kd4 dxc4 40. dxc4 Rc8 41. g4 Rd8+ 42. Ke4 Ra8 43. Kd4 Ra5 44.
Ke4 Kd6 45. Kd4 Re5 46. Kc3 Kc5 47. Kd3 Re1 48. Kd2 Rh1 49. Ke3 Rxh3+ 50.
Ke4 Rh4 51. Kf5 Kxc4 52. Kg6 Rxg4 53. Kxh6 Rf4 54. Kh5 g4 55. Kh4 g3+ 56.
Kh3 g2 57. Kxg2 Kd3 58. Kg3 Ke3 59. Kg2 Rf3 60. Kg1 Rf2 61. Kh1 Ra2 62. Kg1
Kf3 63. Kh1 Kg3 64. Kg1 Ra1# { White checkmated } 0-1

[Event "ICC tourney 2161 (75 10)"]
[Site "Internet Chess Club"]
[Date "2020.11.29"]
[Round "7"]
[White "MYMChessWyatt"]
[Black "Florina12345"]
[Result "1-0"]
[ICCResult "Black resigns"]
[WhiteElo "1215"]
[BlackElo "1330"]
[Opening "Giuoco Pianissimo"]
[ECO "C50"]
[NIC "IG.02"]
[Time "11:04:37"]
[PlyCount "89"]
[TimeControl "4500+10"]


1. e4 e5 2. Nf3 Nc6 3. Bc4 Bc5 4. d3 Nf6 5. c3 d6 6. a4 a6 7. b4 Ba7 8. O-O
h6 9. Nbd2 Be6 10. Bxe6 fxe6 11. Re1 O-O 12. Nf1 Qd7 13. Be3 Rae8 14. b5
Bxe3 15. bxc6 Bxf2+ 16. Kxf2 Qxc6 17. Ne3 Qxc3 18. Qc2 Qa5 19. Reb1 Rb8 20.
Kg1 Nd7 21. Qc4 Nc5 22. Qc2 c6 23. Nc4 Qc7 24. Nb6 Rbe8 25. Nxe5 dxe5 26.
Qxc5 Rf6 27. Nc4 Ref8 28. Nd6 Rf2 29. Rxb7 Qd8 30. Qxe5 R8f6 31. Nf7 Rxf7
32. Rb8 Qxb8 33. Qxb8+ Kh7 34. Qg3 R2f6 35. h3 Kg8 36. d4 Kh7 37. Kh2 Kg8
38. e5 Rf4 39. Rb1 Rxd4 40. Qg6 Rd8 41. Qxe6 c5 42. Qg6 c4 43. e6 Re7 44.
Rf1 Rde8 45. Rf7 { Black resigns } 1-0

[Event "ICC tourney 2161 (75 10)"]
[Site "Internet Chess Club"]
[Date "2020.11.29"]
[Round "7"]
[White "jason54312"]
[Black "otcm"]
[Result "0-1"]
[ICCResult "White resigns"]
[WhiteElo "1551"]
[BlackElo "1448"]
[Opening "Sicilian: dragon, Yugoslav attack, 10.O-O-O"]
[ECO "B78"]
[NIC "SI.18"]
[Time "11:04:35"]
[PlyCount "102"]
[TimeControl "4500+10"]


1. e4 c5 2. Nf3 d6 3. d4 cxd4 4. Nxd4 Nf6 5. Nc3 g6 6. Be3 Bg7 7. f3 O-O 8.
Bc4 Nc6 9. Qd2 Bd7 10. O-O-O Rb8 11. g4 a6 12. h4 h5 13. gxh5 Nxh5 14. Rdg1
Na5 15. Bb3 b5 16. Bh6 Nc4 17. Bxc4 bxc4 18. Bxg7 Kxg7 19. Qg5 Rh8 20. Qd5
Qb6 21. Nf5+ Bxf5 22. exf5 Qe3+ 23. Qd2 Qxd2+ 24. Kxd2 Rxb2 25. fxg6 fxg6
26. Rg4 Rf8 27. Rxc4 Rxf3 28. Ra4 Rf2+ 29. Ne2 Ng3 30. Re1 Nxe2 31. Rxe2
Rxe2+ 32. Kxe2 Rxc2+ 33. Kf3 Rc6 34. Kg4 e5 35. h5 gxh5+ 36. Kxh5 Kf6 37.
Kg4 d5 38. Kf3 Kf5 39. Ke3 d4+ 40. Kd3 Kf4 41. Ke2 Ke4 42. Ra3 d3+ 43. Kd2
Rc2+ 44. Kd1 Ke3 45. Ra5 e4 46. Rxa6 Rd2+ 47. Kc1 Rf2 48. Ra4 d2+ 49. Kc2
Rf1 50. Rxe4+ Kxe4 51. Kxd2 Ra1 { White resigns } 0-1

[Event "ICC tourney 2161 (75 10)"]
[Site "Internet Chess Club"]
[Date "2020.11.29"]
[Round "7"]
[White "rcww2020"]
[Black "Cooliguess"]
[Result "1/2-1/2"]
[ICCResult "Game drawn by mutual agreement"]
[WhiteElo "1658"]
[BlackElo "1750"]
[Opening "Sicilian: Tartakower variation"]
[ECO "B53"]
[NIC "SI.01"]
[Time "11:04:32"]
[PlyCount "74"]
[TimeControl "4500+10"]


1. e4 c5 2. Nf3 d6 3. d4 cxd4 4. c3 dxc3 5. Nxc3 Nf6 6. Bc4 e6 7. O-O Be7
8. Qe2 Nc6 9. Rd1 Qa5 10. Bf4 Ne5 11. Bb5+ Bd7 12. Bxe5 dxe5 13. Rxd7 Nxd7
14. Nxe5 a6 15. Bxd7+ Kf8 16. Nf3 Bb4 17. Rd1 Rd8 18. Qc4 Bxc3 19. bxc3 Ke7
20. Ba4 Rxd1+ 21. Bxd1 Rd8 22. Bb3 Qa3 23. h3 Qc1+ 24. Kh2 Qf4+ 25. Kh1 g5
26. Qc5+ Kf6 27. e5+ Kg7 28. Qe7 Qc1+ 29. Ng1 Rd3 30. Bxe6 Qf4 31. Bb3 Rxc3
32. e6 Rc7 33. Qe8 fxe6 34. Qxe6 Rc1 35. Qe7+ Kh6 36. Qe6+ Kg7 37. Qg8+ Kh6
{ Game drawn by mutual agreement } 1/2-1/2

[Event "ICC tourney 2161 (75 10)"]
[Site "Internet Chess Club"]
[Date "2020.11.29"]
[Round "7"]
[White "Supersky"]
[Black "RockyWang"]
[Result "1-0"]
[ICCResult "Black checkmated"]
[WhiteElo "1312"]
[BlackElo "1062"]
[Opening "Queen's pawn game"]
[ECO "D04"]
[NIC "QP.08"]
[Time "11:04:30"]
[PlyCount "113"]
[TimeControl "4500+10"]


1. d4 d5 2. Nf3 Nf6 3. e3 c6 4. Bd3 Bg4 5. Nbd2 e6 6. b3 Nbd7 7. Bb2 Bd6 8.
h3 Bh5 9. c4 O-O 10. g4 Bg6 11. Bxg6 fxg6 12. g5 Ne4 13. h4 h5 14. Qe2 e5
15. O-O-O Bb4 16. Nxe4 dxe4 17. Nxe5 Nxe5 18. dxe5 Qa5 19. Kb1 Bc3 20. e6
Qe5 21. Bxc3 Qxc3 22. e7 Rfe8 23. Rd7 Qb4 24. Rhd1 Rxe7 25. Rd8+ Rxd8 26.
Rxd8+ Kh7 27. Qd1 Qc5 28. Rf8 Rd7 29. Rh8+ Kxh8 30. Qxd7 Qf5 31. Qxf5 gxf5
32. c5 Kg8 33. Kc2 Kf7 34. Kc3 Ke6 35. Kd4 g6 36. b4 b5 37. cxb6 axb6 38.
a4 Kd6 39. a5 bxa5 40. bxa5 c5+ 41. Kc4 Kc6 42. a6 Kb6 43. a7 Kxa7 44. Kxc5
Ka6 45. Kd5 Kb5 46. Ke5 Kc4 47. Kf6 Kd5 48. Kxg6 Ke6 49. Kxh5 Kf7 50. g6+
Kg7 51. Kg5 f4 52. exf4 Kg8 53. h5 Kh8 54. h6 Kg8 55. h7+ Kh8 56. Kh6 e3
57. g7# { Black checkmated } 1-0

[Event "ICC tourney 2161 (75 10)"]
[Site "Internet Chess Club"]
[Date "2020.11.29"]
[Round "7"]
[White "dangdang2000"]
[Black "Eagle2020"]
[Result "0-1"]
[ICCResult "White checkmated"]
[WhiteElo "1257"]
[BlackElo "1505"]
[Opening "French: Tarrasch, closed variation"]
[ECO "C05"]
[NIC "FR.16"]
[Time "11:04:54"]
[PlyCount "116"]
[TimeControl "4500+10"]


1. e4 e6 2. d4 d5 3. Nd2 Nf6 4. e5 Nfd7 5. Ngf3 c5 6. c3 Nc6 7. a3 Be7 8.
Bd3 Qb6 9. Qa4 O-O 10. O-O f6 11. Re1 fxe5 12. Nxe5 Ndxe5 13. dxe5 c4 14.
Bxh7+ Kh8 15. Ne4 dxe4 16. Be3 Qb3 17. Qxb3 cxb3 18. Bxe4 Nxe5 19. Bd4 Nc4
20. Re2 Bf6 21. Bc5 Rd8 22. Rae1 Nxb2 23. Re3 Na4 24. Bb4 a5 25. Rh3+ Kg8
26. Be7 Bxe7 27. Bh7+ Kf7 28. Rf3+ Bf6 29. g4 Ke7 30. Bg6 Nxc3 31. g5 Bd4
32. Rf7+ Kd6 33. Kg2 b2 34. Rf3 b6 35. Rd3 Bb7+ 36. f3 e5 37. Rxc3 Bxc3 38.
Rd1+ Kc5 39. Rf1 Rd2+ 40. Kg3 Rad8 41. Rb1 Rd1 42. Rxb2 Bxb2 43. Kg4 Rg1+
44. Kf5 Bd5 45. Bh5 Rf8+ 46. Kg6 Bf7+ 47. Kxg7 Bxh5 48. Kxf8 Rxg5 49. Ke7
Bxf3 50. Kf6 e4+ 51. Kxg5 e3 52. Kf4 e2 53. Kxf3 e1=Q 54. Kf4 Kd5 55. Kf3
Qe4+ 56. Kf2 Kd4 57. Kg1 Ke3 58. Kf1 Qh1# { White checkmated } 0-1

[Event "ICC tourney 2161 (75 10)"]
[Site "Internet Chess Club"]
[Date "2020.11.29"]
[Round "7"]
[White "Vinny773175"]
[Black "Dhruti813kob36"]
[Result "1/2-1/2"]
[ICCResult "Game drawn by mutual agreement"]
[WhiteElo "1782"]
[BlackElo "1427"]
[Opening "Ruy Lopez: closed defense"]
[ECO "C84"]
[NIC "RL.13"]
[Time "11:04:47"]
[PlyCount "116"]
[TimeControl "4500+10"]


1. e4 e5 2. Nf3 Nc6 3. Bb5 a6 4. Ba4 Nf6 5. O-O Be7 6. c3 b5 7. Bc2 d6 8.
h3 O-O 9. d3 Na7 10. Re1 c5 11. Nbd2 Nc6 12. Nf1 Bb7 13. Ne3 g6 14. Nf1 Re8
15. Ng3 Bf8 16. Be3 Bg7 17. Qd2 Rc8 18. Rad1 Qc7 19. Bh6 d5 20. Bxg7 Kxg7
21. Qg5 Re6 22. exd5 Nxd5 23. Bb3 Nce7 24. d4 h6 25. Qd2 exd4 26. cxd4 c4
27. Rxe6 fxe6 28. Bc2 c3 29. bxc3 Nxc3 30. Re1 Bxf3 31. gxf3 Ncd5 32. Bb3
Qd6 33. Ne4 Qb6 34. Nc5 Rc6 35. Qe2 Kf7 36. Bxd5 Nxd5 37. Nd7 Qc7 38. Ne5+
Ke7 39. Nxc6+ Qxc6 40. Qe5 Nf6 41. Qe3 g5 42. Rc1 Qd5 43. Qa3+ Kf7 44. Qxa6
Qxf3 45. Re1 Qxh3 46. Qxb5 Qg4+ 47. Kf1 Nd5 48. Qd7+ Kf6 49. Rc1 Nf4 50.
Qd8+ Kg6 51. Qe8+ Kf6 52. Qh8+ Kg6 53. Qe8+ Kf6 54. Qh8+ Kg6 55. Qe8+ Kf6
56. Qh8+ Kg6 57. Qe8+ Kf6 58. Qf8+ Kg6 { Game drawn by mutual agreement }
1/2-1/2

[Event "ICC tourney 2161 (75 10)"]
[Site "Internet Chess Club"]
[Date "2020.11.29"]
[Round "7"]
[White "APBrain"]
[Black "CoarseCrown"]
[Result "1-0"]
[ICCResult "Black resigns"]
[WhiteElo "1594"]
[BlackElo "1744"]
[Opening "Benoni: four pawns attack"]
[ECO "A68"]
[NIC "BI.31"]
[Time "11:04:29"]
[PlyCount "69"]
[TimeControl "4500+10"]


1. d4 Nf6 2. c4 c5 3. d5 e6 4. Nc3 exd5 5. cxd5 d6 6. e4 g6 7. f4 Bg7 8.
Nf3 O-O 9. Bd3 Re8 10. O-O c4 11. Bc2 b5 12. e5 dxe5 13. fxe5 Ng4 14. Kh1
b4 15. Ne4 Nxe5 16. Bg5 Qb6 17. Nxe5 Rxe5 18. Bf6 Rf5 19. Bxg7 Kxg7 20.
Rxf5 Bxf5 21. Qf3 Nd7 22. Rf1 Ne5 23. Qf4 Re8 24. h3 Nd3 25. Bxd3 cxd3 26.
Nd6 Rd8 27. Nxf5+ gxf5 28. Qg5+ Kf8 29. Qxf5 Qg6 30. Qe5 d2 31. Qd4 Qg5 32.
d6 Qg3 33. Qxa7 Qf4 34. Rxf4 d1=Q+ 35. Kh2 { Black resigns } 1-0

[Event "ICC tourney 2161 (75 10)"]
[Site "Internet Chess Club"]
[Date "2020.11.29"]
[Round "7"]
[White "VincentT2008"]
[Black "Mapking1"]
[Result "0-1"]
[ICCResult "White resigns"]
[WhiteElo "1751"]
[BlackElo "1799"]
[Opening "Grünfeld: exchange variation"]
[ECO "D85"]
[NIC "GI.04"]
[Time "11:04:54"]
[PlyCount "100"]
[TimeControl "4500+10"]


1. d4 Nf6 2. c4 g6 3. Nc3 d5 4. cxd5 Nxd5 5. e4 Nxc3 6. bxc3 Bg7 7. Be3 O-O
8. Nf3 c5 9. Qd2 Bg4 10. Be2 Nc6 11. d5 Qa5 12. Rc1 Rfd8 13. O-O e6 14. c4
Qxd2 15. Bxd2 Bxf3 16. Bxf3 Nd4 17. Bg5 f6 18. Be3 Nxf3+ 19. gxf3 exd5 20.
cxd5 b6 21. f4 Re8 22. f3 Rad8 23. Rfd1 f5 24. e5 g5 25. d6 gxf4 26. Bxf4
Bxe5 27. d7 Re7 28. Bg5 Rg7 29. h4 h6 30. Re1 Bf6 31. Re6 hxg5 32. Rxf6
gxh4+ 33. Kh2 Rdxd7 34. Rxf5 Rd2+ 35. Kh3 Rxa2 36. Re1 Rf7 37. Rg5+ Kf8 38.
Kxh4 Rxf3 39. Rge5 Rf7 40. Re8+ Kg7 41. Rg1+ Kh7 42. Kh3 Ra3+ 43. Kh4 Raf3
44. Re6 R7f4+ 45. Kh5 Rf5+ 46. Kg4 R3f4+ 47. Kg3 Rg5+ 48. Kxf4 Rxg1 49.
Re7+ Rg7 50. Re6 Rc7 { White resigns } 0-1

[Event "ICC tourney 2161 (75 10)"]
[Site "Internet Chess Club"]
[Date "2020.11.29"]
[Round "7"]
[White "LittleJimmy"]
[Black "SamLightning"]
[Result "1-0"]
[ICCResult "Black checkmated"]
[WhiteElo "1489"]
[BlackElo "1649"]
[Opening "Sicilian: Hungarian variation"]
[ECO "B27"]
[NIC "SI.43"]
[Time "11:04:42"]
[PlyCount "67"]
[TimeControl "4500+10"]


1. e4 c5 2. Nf3 g6 3. d4 cxd4 4. Qxd4 Nf6 5. e5 Nc6 6. Qa4 Nd5 7. Qe4 Nb6
8. a3 Bg7 9. Nc3 O-O 10. Bf4 d5 11. Qe2 Bg4 12. O-O-O e6 13. h3 Bxf3 14.
gxf3 Nc4 15. Qe1 N6xe5 16. Bxe5 Nxe5 17. f4 Nc6 18. Bg2 Qa5 19. Rd3 Bh6 20.
Kb1 Bxf4 21. Qe2 Be5 22. h4 Bg7 23. h5 Ne5 24. Rdh3 Nc4 25. hxg6 hxg6 26.
Qe1 Qb6 27. Qc1 Nxa3+ 28. Ka2 Nc4 29. b3 Qa5+ 30. Na4 b5 31. Rh8+ Bxh8 32.
Qh6 Qxa4+ 33. bxa4 f5 34. Qh7# { Black checkmated } 1-0

[Event "ICC tourney 2161 (75 10)"]
[Site "Internet Chess Club"]
[Date "2020.11.29"]
[Round "7"]
[White "Deveshc"]
[Black "mrerikchin"]
[Result "1/2-1/2"]
[ICCResult "Game drawn by mutual agreement"]
[WhiteElo "1480"]
[BlackElo "1636"]
[Opening "Sicilian: Smith-Morra gambit"]
[ECO "B21"]
[NIC "SI.48"]
[Time "11:04:30"]
[PlyCount "69"]
[TimeControl "4500+10"]


1. e4 c5 2. d4 cxd4 3. c3 dxc3 4. Nxc3 Nc6 5. Nf3 e6 6. Bc4 Bb4 7. Bd2 Nge7
8. Rc1 d5 9. exd5 exd5 10. Bb5 O-O 11. O-O Bg4 12. Bg5 f6 13. Bf4 a6 14.
Ba4 Bh5 15. Bb3 Bf7 16. Qe2 Re8 17. Qd3 Rc8 18. Rfd1 Bxc3 19. Rxc3 Qd7 20.
Rc5 Nb4 21. Qd4 Rxc5 22. Qxc5 Nbc6 23. Nd2 Ne5 24. Bxe5 fxe5 25. Nc4 Qg4
26. f3 Qg5 27. Nd6 Rd8 28. Nxb7 Rc8 29. Qb6 Nf5 30. Qf2 Rc7 31. Nc5 Ne3 32.
Re1 Rxc5 33. Qxe3 Qxe3+ 34. Rxe3 d4 35. Rd3 { Game drawn by mutual
agreement } 1/2-1/2

[Event "ICC tourney 2161 (75 10)"]
[Site "Internet Chess Club"]
[Date "2020.11.29"]
[Round "7"]
[White "Clairehouses"]
[Black "TheOrcaPro"]
[Result "1-0"]
[ICCResult "Black resigns"]
[WhiteElo "1566"]
[BlackElo "1735"]
[Opening "King's Indian: 5.Nf3"]
[ECO "E90"]
[NIC "KI.22"]
[Time "11:04:28"]
[PlyCount "79"]
[TimeControl "4500+10"]


1. d4 Nf6 2. c4 g6 3. Nc3 Bg7 4. e4 d6 5. Nf3 Nbd7 6. Be2 O-O 7. O-O c6 8.
Bg5 e5 9. d5 Nc5 10. b4 Na6 11. a3 Qc7 12. Rc1 h6 13. Be3 Ng4 14. Bd2 f5
15. Ne1 Nf6 16. f3 fxe4 17. fxe4 Bd7 18. Be3 Rf7 19. Nd3 Raf8 20. c5 cxd5
21. exd5 e4 22. cxd6 Qxd6 23. Bc5 Nxc5 24. bxc5 Qc7 25. d6 Qc6 26. Nf2 Qxc5
27. Nxe4 Qb6 28. Nc5 Bc6 29. Bc4 Ne4 30. Bxf7+ Rxf7 31. Ncxe4 Bxe4 32. Qd2
Bd4 33. Rc4 Bxf2+ 34. Rxf2 Qb1+ 35. Rc1 Rxf2 36. Kxf2 Qb6+ 37. Qe3 Qb2+ 38.
Ke1 Qxg2 39. Rc8+ Kh7 40. Qf2 { Black resigns } 1-0

[Event "ICC tourney 2161 (75 10)"]
[Site "Internet Chess Club"]
[Date "2020.11.29"]
[Round "7"]
[White "shrey16ultimate"]
[Black "wildrumpus"]
[Result "1-0"]
[ICCResult "Black resigns"]
[WhiteElo "1606"]
[BlackElo "1468"]
[Opening "Queen's pawn: London system"]
[ECO "A45"]
[NIC "QP.07"]
[Time "11:04:43"]
[PlyCount "113"]
[TimeControl "4500+10"]


1. d4 Nf6 2. Bf4 b6 3. e3 Bb7 4. c4 e6 5. Nc3 Bb4 6. a3 Bxc3+ 7. bxc3 O-O
8. Nf3 h6 9. Be2 Nc6 10. O-O Nh5 11. Bg3 Nxg3 12. hxg3 Na5 13. Nd2 Ba6 14.
e4 f5 15. exf5 Rxf5 16. Bd3 Rf8 17. Qe2 Qf6 18. Nf3 Rae8 19. Ne5 Re7 20.
Ng6 Ref7 21. Nxf8 Rxf8 22. c5 Bxd3 23. Qxd3 Nc6 24. cxb6 axb6 25. d5 exd5
26. Qxd5+ Rf7 27. c4 Kh8 28. Rae1 Kh7 29. Re4 Ne7 30. Qe5 Qc6 31. Qd4 Nf5
32. Qd5 Qg6 33. Rf4 c6 34. Qe4 Nd6 35. Qxg6+ Kxg6 36. Rd1 Rxf4 37. gxf4
Nxc4 38. Rxd7 Nxa3 39. Rd6+ Kf5 40. Rxc6 b5 41. g3 g5 42. Rc5+ Kg6 43. f5+
Kf6 44. g4 b4 45. Rc6+ Kg7 46. Rb6 Nc2 47. Kf1 Kh7 48. Rb7+ Kg8 49. Ke2 b3
50. Kd3 Ne1+ 51. Kc3 Nf3 52. Kxb3 Nd4+ 53. Kc4 Nxf5 54. gxf5 h5 55. f6 h4
56. Rg7+ Kh8 57. Rxg5 { Black resigns } 1-0

[Event "ICC tourney 2161 (75 10)"]
[Site "Internet Chess Club"]
[Date "2020.11.29"]
[Round "7"]
[White "ajedrez7"]
[Black "kirikiri007"]
[Result "1-0"]
[ICCResult "Black resigns"]
[WhiteElo "1633"]
[BlackElo "1577"]
[Opening "Giuoco Piano"]
[ECO "C54"]
[NIC "IG.02"]
[Time "11:04:55"]
[PlyCount "127"]
[TimeControl "4500+10"]


1. e4 e5 2. Nf3 Nc6 3. Bc4 Bc5 4. c3 Nf6 5. d3 h6 6. a4 a5 7. O-O d6 8. Re1
O-O 9. Nbd2 Be6 10. Bxe6 fxe6 11. Nf1 Qe7 12. Be3 Bxe3 13. Nxe3 Qd7 14. Qc2
Rf7 15. d4 exd4 16. Nxd4 Nxd4 17. cxd4 Nh7 18. f3 Raf8 19. Kh1 Qe7 20. d5
e5 21. Nf5 Qd7 22. Qd2 b6 23. Rec1 Nf6 24. Rc6 Ne8 25. b4 axb4 26. Qxb4 Kh7
27. Qd2 Kh8 28. a5 bxa5 29. Rxa5 Kh7 30. Ra7 Kh8 31. Ra8 Kh7 32. Rb8 Kh8
33. Qa2 Kh7 34. Qa8 g6 35. Rd8 Qxd8 36. Qxd8 gxf5 37. Qh4 fxe4 38. Qxe4+
Kg7 39. h3 Rf4 40. Qc2 R4f7 41. Rc4 h5 42. Qc1 Kg6 43. Qc2+ Kh6 44. Qc1+
Kg6 45. h4 Rf4 46. Rxf4 Rxf4 47. g3 Rf5 48. Kg2 Kg7 49. Qc6 Rf8 50. Qd7+
Kg8 51. Qe6+ Kh7 52. Qe7+ Kg8 53. g4 hxg4 54. fxg4 Nf6 55. g5 Nh5 56. Kh3
Nf4+ 57. Kg4 Rf7 58. Qd8+ Kg7 59. h5 Nxd5 60. g6 Ne3+ 61. Kg3 Nf5+ 62. Kh3
Re7 63. Kg4 Ne3+ 64. Kg5 { Black resigns } 1-0

[Event "ICC tourney 2161 (75 10)"]
[Site "Internet Chess Club"]
[Date "2020.11.29"]
[Round "7"]
[White "MacAndSneeze"]
[Black "Surajo"]
[Result "1-0"]
[ICCResult "Black resigns"]
[WhiteElo "1561"]
[BlackElo "1771"]
[Opening "Scotch: Potter variation"]
[ECO "C45"]
[NIC "SO.05"]
[Time "11:04:52"]
[PlyCount "123"]
[TimeControl "4500+10"]


1. e4 e5 2. Nf3 Nc6 3. d4 exd4 4. Nxd4 Bc5 5. Nb3 Bb6 6. Nc3 Nf6 7. Bg5 h6
8. Bf4 d6 9. Qe2 O-O 10. O-O-O Be6 11. Kb1 Ng4 12. Bg3 Qf6 13. Nd5 Bxd5 14.
exd5 Nce5 15. f4 Nc4 16. Qxc4 Ne3 17. Qd3 Nxd1 18. Qxd1 a5 19. a4 Rfe8 20.
Bb5 Re3 21. Re1 Qf5 22. Rxe3 Bxe3 23. Qf3 Bb6 24. Bh4 g5 25. fxg5 Qxf3 26.
gxf3 hxg5 27. Bxg5 Kg7 28. Bd2 Kg6 29. Kc1 Rh8 30. Bxa5 Be3+ 31. Bd2 Bxd2+
32. Kxd2 Rxh2+ 33. Ke3 Kf6 34. Nd4 Ke5 35. Bc4 Rh3 36. b4 f5 37. Ne2 Rh1
38. a5 Ra1 39. f4+ Kf6 40. Kd2 c6 41. dxc6 bxc6 42. a6 d5 43. Bd3 Ke7 44.
Nd4 Kd6 45. Nxf5+ Kc7 46. Nd4 Rb1 47. Kc3 Rg1 48. f5 Rg8 49. f6 Kd6 50. f7
Ra8 51. b5 cxb5 52. Nxb5+ Ke7 53. a7 Kxf7 54. Kd4 Ke7 55. Kxd5 Kd7 56. Be4
Rxa7 57. Nxa7 Kc7 58. c4 Kd7 59. c5 Kc7 60. c6 Kd8 61. Kd6 Ke8 62. c7 {
Black resigns } 1-0

[Event "ICC tourney 2161 (75 10)"]
[Site "Internet Chess Club"]
[Date "2020.11.29"]
[Round "7"]
[White "smartgoldfish"]
[Black "ZYCON"]
[Result "0-1"]
[ICCResult "White checkmated"]
[WhiteElo "1202"]
[BlackElo "1400"]
[Opening "Sicilian defense"]
[ECO "B33"]
[NIC "SI.34"]
[Time "11:04:36"]
[PlyCount "130"]
[TimeControl "4500+10"]


1. e4 c5 2. Nf3 Nc6 3. d4 cxd4 4. Nxd4 Nf6 5. Nc3 g6 6. Bc4 Bg7 7. O-O O-O
8. Be3 d6 9. h3 Ne5 10. Bb3 Bd7 11. Qd2 a6 12. a4 Rc8 13. Rac1 Nc4 14. Bxc4
Rxc4 15. Qd3 Rc8 16. Rfd1 Qa5 17. Ra1 Bc6 18. Re1 Nd7 19. Qe2 Nc5 20. f3
Qb4 21. Na2 Qb6 22. Nxc6 Qxc6 23. Nb4 Qd7 24. Nd5 Qd8 25. c3 e6 26. Nb4 Nb3
27. Rad1 Qc7 28. Qc2 Na5 29. Qd3 Nc4 30. Bc1 Rfd8 31. Qc2 Qb6+ 32. Kh1 Bf6
33. Rf1 Ne3 34. Bxe3 Qxe3 35. Rfe1 Qb6 36. Rf1 Qxb4 37. Rf2 Qb6 38. Rfd2
Be5 39. Rd3 Bf4 40. Qe2 Bg3 41. Rf1 d5 42. f4 Bh4 43. e5 Rc4 44. Qc2 Re4
45. Rfd1 Qf2 46. Qxf2 Bxf2 47. g3 Rxa4 48. b3 Re4 49. c4 Re1+ 50. Rxe1 Bxe1
51. cxd5 Rxd5 52. Rxd5 exd5 53. Kg2 d4 54. Kf3 d3 55. Ke3 d2 56. Ke2 b5 57.
Kd1 a5 58. g4 a4 59. e6 fxe6 60. f5 exf5 61. g5 axb3 62. h4 b2 63. h5 b1=Q+
64. Ke2 d1=Q+ 65. Ke3 Qe4# { White checkmated } 0-1

[Event "ICC tourney 2161 (75 10)"]
[Site "Internet Chess Club"]
[Date "2020.11.29"]
[Round "7"]
[White "iamvoltu"]
[Black "castle2king"]
[Result "1-0"]
[ICCResult "Black checkmated"]
[WhiteElo "1600"]
[BlackElo "1561"]
[Opening "King's Indian: London system"]
[ECO "A45"]
[NIC "QP.03"]
[Time "11:04:43"]
[PlyCount "119"]
[TimeControl "4500+10"]


1. d4 Nf6 2. Bf4 g6 3. Nf3 Bg7 4. e3 O-O 5. c4 d6 6. Nc3 b6 7. Be2 Bb7 8.
O-O Nbd7 9. b4 Rc8 10. a3 Re8 11. Qc2 h6 12. Rfd1 e6 13. Bg3 Nh5 14. Bh4 g5
15. Bg3 Nxg3 16. hxg3 f5 17. d5 Qf6 18. Nd4 Nf8 19. dxe6 Nxe6 20. Nxe6 Qxc3
21. Qxf5 Qe5 22. Nxg7 Kxg7 23. Bg4 Qxf5 24. Bxf5 Rcd8 25. Rac1 Re5 26. Bd3
h5 27. Be2 g4 28. c5 Re7 29. c6 Bc8 30. Rd5 Re5 31. Rcd1 Rde8 32. Rxe5 Rxe5
33. Bd3 Rd5 34. Kf1 Ba6 35. Ke2 Bxd3+ 36. Rxd3 Rb5 37. Rd4 Kf6 38. a4 Re5
39. Kd3 d5 40. Rf4+ Ke6 41. Kd4 Rg5 42. e4 Re5 43. b5 dxe4 44. Rxe4 Rxe4+
45. Kxe4 Kd6 46. f4 gxf3 47. gxf3 Kc5 48. f4 h4 49. gxh4 Kb4 50. h5 Ka5 51.
h6 a6 52. h7 axb5 53. axb5 Kxb5 54. h8=Q Kxc6 55. Qc3+ Kd7 56. Qb4 Ke6 57.
f5+ Kf7 58. Ke5 Ke8 59. Ke6 b5 60. Qe7# { Black checkmated } 1-0

[Event "ICC tourney 2161 (75 10)"]
[Site "Internet Chess Club"]
[Date "2020.11.29"]
[Round "7"]
[White "fhunfi"]
[Black "virajphadke"]
[Result "1/2-1/2"]
[ICCResult "Game drawn by mutual agreement"]
[WhiteElo "1698"]
[BlackElo "1589"]
[Opening "Ruy Lopez: Berlin defense"]
[ECO "C65"]
[NIC "RL.07"]
[Time "11:04:40"]
[PlyCount "111"]
[TimeControl "4500+10"]


1. e4 e5 2. Nf3 Nc6 3. Bb5 Nf6 4. Qe2 d6 5. c3 Be7 6. O-O O-O 7. Rd1 a6 8.
Ba4 b5 9. Bc2 Bg4 10. d3 h6 11. Nbd2 Nh7 12. Nf1 Ng5 13. Bxg5 Bxg5 14. Ng3
Ne7 15. h3 Bxf3 16. Qxf3 c5 17. Qg4 Ng6 18. Nf5 Nh4 19. Nxh4 Bxh4 20. g3
Bf6 21. Bb3 Qc8 22. Qxc8 Raxc8 23. Bd5 a5 24. h4 g5 25. h5 Rc7 26. g4 Rfc8
27. b3 b4 28. c4 Ra7 29. a3 Bd8 30. Kf1 Rcc7 31. Rdb1 Kf8 32. Ke2 Ke8 33.
Kd1 f6 34. Ra2 Rg7 35. Bc6+ Kf8 36. Kc2 Bb6 37. Re1 Rgc7 38. Bb5 Re7 39.
Re3 Rg7 40. Rf3 Bd8 41. Rf5 Rgc7 42. Ra1 Kg7 43. Kb2 Be7 44. Rf3 Bd8 45.
Re3 Be7 46. Ree1 Bd8 47. Ra2 Re7 48. Rc1 Bb6 49. f3 Bd8 50. Ba4 Bb6 51. Rc2
Rec7 52. Ra1 Kf8 53. Rac1 Kg7 54. Ka2 Kf8 55. Bb5 Ke7 56. a4 { Game drawn
by mutual agreement } 1/2-1/2

[Event "ICC tourney 2161 (75 10)"]
[Site "Internet Chess Club"]
[Date "2020.11.29"]
[Round "7"]
[White "jHanna"]
[Black "kinpin007"]
[Result "1-0"]
[ICCResult "Black resigns"]
[WhiteElo "1790"]
[BlackElo "1525"]
[Opening "Nimzo-Indian: classical variation"]
[ECO "E32"]
[NIC "NI.24"]
[Time "11:04:55"]
[PlyCount "149"]
[TimeControl "4500+10"]


1. d4 Nf6 2. c4 e6 3. Nc3 Bb4 4. Qc2 O-O 5. a3 Be7 6. e4 d6 7. Be2 b6 8.
Nf3 Bb7 9. O-O Nbd7 10. h3 h6 11. Be3 Nh7 12. Bd3 Ng5 13. Nxg5 Bxg5 14. f4
Be7 15. Rad1 c5 16. e5 dxe5 17. dxe5 Qc7 18. Ne4 Rad8 19. Nd6 Ba8 20. Be4
Bxe4 21. Qxe4 f5 22. exf6 Nxf6 23. Qxe6+ Kh7 24. Nf5 Rde8 25. Nxe7 Rxe7 26.
Qf5+ g6 27. Qd3 Rfe8 28. Bd2 Qc6 29. Bc3 Ne4 30. Rfe1 Nxc3 31. Rxe7+ Rxe7
32. bxc3 Qe4 33. Qd6 h5 34. Rd3 Qe1+ 35. Kh2 Qe4 36. Rg3 Re6 37. Qd7+ Re7
38. Qd6 Re6 39. Qf8 Re7 40. Qf6 Re6 41. Qf7+ Kh6 42. Qg8 Re7 43. Qh8+ Rh7
44. Qf8+ Rg7 45. Qf6 Qe7 46. Qg5+ Qxg5 47. Rxg5 Kh7 48. Kg3 Kg8 49. Kf3 Kf7
50. Ke4 Kf6 51. Re5 Rd7 52. Rd5 Re7+ 53. Re5 Rd7 54. Rd5 Re7+ 55. Kf3 Kg7
56. g4 hxg4+ 57. hxg4 Kf6 58. Rd6+ Kg7 59. a4 Rc7 60. a5 bxa5 61. Ra6 Rd7
62. Ke4 Kf7 63. Rxa5 Rc7 64. Kd5 Re7 65. Rxc5 a6 66. Ra5 Ra7 67. Kc6 Kf6
68. Kb6 Ra8 69. Kb7 Re8 70. Rxa6+ Kf7 71. c5 Re7+ 72. Kb6 Re6+ 73. c6 Ke7
74. Kb7 Kd8 75. c7+ { Black resigns } 1-0